 Dungeon Crawl Stone Soup version 0.31-a0-1612-g4aaf141004 (webtiles) character file.

Game seed: 15198258773229958128

50 Curundu the Chopper (level 3, 0/33 HPs)
             Began as a Minotaur Berserker on Jan 9, 2024.
             Was a Believer of Trog.
             Succumbed to an adder's poison
             ... on level 2 of the Dungeon.
             The game lasted 00:03:32 (1119 turns).

Curundu the Chopper (Minotaur Berserker)            Turns: 1119, Time: 00:03:32

Health: 0/33       AC:  2    Str: 23    XL:     3   Next: 55%
Magic:  2/2        EV: 12    Int:  4    God:    Trog [**....]
Gold:   62         SH:  0    Dex:  9    Spells: 2/2 levels left

rFire   . . .        a - +0 hand axe
rCold   . . .        (no shield)
rNeg    . . .        b - +0 animal skin
rPois   .            (helmet restricted)
rElec   .            (no cloak)
rCorr   .            (no gloves)
SInv    .            (no boots)
Will    .....        (no amulet)
Stlth   +            (no ring)
HPRegen 0.25/turn    (no ring)
MPRegen 0.08/turn

%: no passive effects
@: lethally poisoned (0 -> -4)
A: horns 2, retaliatory headbutt
a: Renounce Religion, Berserk, Trog's Hand


You were on level 2 of the Dungeon.
You worshipped Trog.
Trog was pleased with you.
You visited 1 branch of the dungeon, and saw 2 of its levels.

You collected 62 gold pieces.

Inventory:

Hand Weapons
 a - a +0 hand axe (weapon)
Missiles
 c - a throwing net (quivered)
Armour
 b - a +0 animal skin (worn)
Jewellery
 d - a ring of ice
Scrolls
 g - a scroll of revelation {unknown}
 i - 2 scrolls of vulnerability {unknown}
 j - a scroll of amnesia {unknown}
Potions
 e - a potion of berserk rage {unknown}
 f - a potion of ambrosia {unknown}
 h - a potion of lignification {unknown}


   Skills:
 + Level 4.2 Fighting
 + Level 4.2 Axes
 + Level 3.2 Armour
 + Level 2.8 Dodging


You had 2 spell levels left.
You didn't know any spells.
Your spell library was empty.

Dungeon Overview and Level Annotations

Branches:
Dungeon (2/15)

Altars:

Shops:
D:1 ?


Innate Abilities, Weirdness & Mutations

You have a pair of horns on your head.
You reflexively headbutt those who attack you in melee.


Message History

The adder barely misses you. The adder bites you.
You miss the adder.
The adder is moderately wounded.
You hit the adder. The bat misses you. The adder closely misses you.
The adder bites you. The bat misses you. The adder bites you.
You are poisoned.
The adder poisons you! The adder bites you.
You closely miss the adder.
The adder is moderately wounded.
You miss the bat. You hit the adder.
You feel sick. The bat barely misses you. The bat misses you.
The adder barely misses you. The adder bites you.
You miss the adder.
The adder is moderately wounded.
You hit the bat. You closely miss the adder.
You feel sick. The bat closely misses you. You furiously retaliate!
You headbutt the bat!
You kill the bat!
Trog accepts your kill.
The adder misses you. x2; The adder closely misses you.
You hit the adder.
The adder is severely wounded.
You barely miss the adder.
You feel sick. The adder bites you. The adder bites you but does no damage.
The adder bites you.
You barely miss the adder. Your headbutt misses the adder.
The adder is severely wounded.
You closely miss the adder.
You feel sick. The adder bites you.
* * * LOW HITPOINT WARNING * * *
You are more poisoned.
The adder poisons you! The adder bites you.
* * * LOW HITPOINT WARNING * * *
You miss the adder.
The adder is severely wounded.
You closely miss the adder.
You feel sick. The adder bites you.
* * * LOW HITPOINT WARNING * * *
The adder misses you. The adder bites you.
* * * LOW HITPOINT WARNING * * *
You barely miss the adder. You headbutt the adder.
You kill the adder!
Trog accepts your kill.
You closely miss the adder.
You die...

. ... # #...#
. .#.# #. ..#
###.###.#
......#<#+####
.............#
...<.........#
.......@†....#
......S......#
.............#
.......[.....#
.............#
.............#
.............#
.............#


You could see an adder.

Vanquished Creatures
  An adder (D:2)
  A gnoll (D:1)
  An endoplasm (D:1)
  2 giant cockroaches (D:1)
  5 goblins (D:1)
  9 hobgoblins (D:1)
  3 kobolds (D:1)
  3 quokkas (D:1)
  3 ball pythons (D:1)
  2 bats
  A frilled lizard (D:1)
  6 rats
37 creatures vanquished.

Notes
Turn   | Place    | Note
-------+----------+-------------------------------------------
     0 | D:1      | Curundu the Minotaur Berserker began the quest for the Orb.
     0 | D:1      | Reached XP level 1. HP: 19/19 MP: 0/0
   135 | D:1      | Reached XP level 2. HP: 27/27 MP: 1/1
   419 | D:1      | Reached ** piety under Trog
   425 | D:1      | Reached XP level 3. HP: 26/33 MP: 2/2
   503 | D:1      | Found Qyamm's Magic Scroll Shop.
  1118 | D:2      | HP: 1/33 [adder (2)]
  1119 | D:2      | Succumbed to an adder's poison

Illustrated notes

Levels and vault maps discovered:
D:1:      dpeg_arrival_morbid_curiosity, layout_loops_ring, serial_shops,
          nicolae_shop_just_a_little_nook, minmay_split_cup_small
D:2:      layout_basic

Skill      XL: |  1  2 |
---------------+-------+-----
Fighting       | 4 |  4.2
Axes           | 4 |  4.2
Armour         | 3 |  3.2
Dodging        | |  2.8

Action                     || total
---------------------------++-------
  Melee: Hand axe          ||    75
         Headbutt          ||     6
 Armour: Animal skin       ||    67
  Dodge: Dodged            ||    75

Table legend: (Time is in decaauts)
 A = Elapsed time spent in this place.
 B = Non-inter-level travel time spent in this place.
 C = Inter-level travel time spent in this place.
 D = Time resting spent in this place.
 E = Time spent auto-exploring this place.
 F = Levels seen in this place.
 G = Mean time per level.
                   A        B        C        D        E       F      G
               +--------+--------+--------+--------+--------+-----+--------+
         Total |   1126 |   1126 |      0 |      0 |    860 |   2 |  563.0 |
       Dungeon |   1126 |   1126 |      0 |      0 |    860 |   2 |  563.0 |
               +--------+--------+--------+--------+--------+-----+--------+

Top non-repeatable levels by time:
     D:1: 1109 daAuts
     D:2: 16 daAuts
